 Dungeon Sprint DCSS version 0.27.1-33-g824d729ab1 (webtiles) character file.

Game seed: 18053318765435708838

0 JuniperTheExplorer the Ruffian (level 1, -1/18 HPs)
             Began as a Troll Transmuter on Dec 8, 2021.
             Slain by an orc wizard (2 damage)
             ... in the Dungeon (Sprint VI: "Thunderdome").
             The game lasted 00:01:25 (89 turns).

JuniperTheExplorer the Ruffian (Troll Transmuter)     Turns: 89, Time: 00:01:26

Health: -1/18      AC:  4    Str: 17    XL:     1   Next: 50%
Magic:  1/1        EV: 10    Int:  9    God:
Gold:   200        SH:  0    Dex: 10    Spells: 1/2 levels left

rFire    . . .     SeeInvis .     - Unarmed
rCold    . . .     Faith    .   (no shield)
rNeg     . . .     Spirit   .   a - +0 robe
rPois    .         Reflect  .   (helmet restricted)
rElec    .         Harm     .   (no cloak)
rCorr    .         Rampage  .   (gloves unavailable)
Will     .....     NoTele   +   (boots unavailable)
Stlth    +.........             (no amulet)
HPRegen  1.06/turn              (no ring)
MPRegen  0.07/turn              (no ring)

@: lethally poisoned (-1 -> -5)
A: large, unfitting armour, claws 3, regeneration 1, shaggy fur 1, tough skin 1
a: no special abilities


You were in the Dungeon.
You visited 1 branch You collected 200 gold pieces.

Inventory:

Armour
 a - a +0 robe (worn)
Wands
 i - a wand of acid (5)
 j - a wand of iceblast (5)
Scrolls
 g - 4 scrolls of blinking
 k - 3 scrolls of fog
Potions
 b - a potion of curing
 c - 4 potions of heal wounds
 d - 4 potions of haste
 e - 2 potions of magic
 f - a potion of berserk rage
 h - 2 potions of resistance


   Skills:
 + Level 0.7 Fighting
 + Level 1.8 Dodging
 + Level 3.8 Unarmed Combat
 + Level 1.4 Spellcasting
 + Level 1.6 Transmutations


You had one spell level left.
You knew the following spells:

 Your Spells              Type           Power      Damage    Failure   Level
a - Beastly Appendage     Tmut           6%         N/A       19%         1

Your spell library contained the following spells:

 Spells                   Type           Power      Damage    Failure   Level
 Wereblood                Tmut           3%         N/A       28%         2
 Spider Form              Tmut/Pois      1%         N/A       58%         3
 Ice Form                 Ice/Tmut       2%         N/A       94%         4


Dungeon Overview and Level Annotations

Branches:
Dungeon (1/1)

Altars:
Cheibriados
Dithmenos
Fedhas
Kikubaaqudgha
Okawaru
Qazlal
Ru
Sif Muna
Trog
Wu Jian
Xom
Yredelemnul
The Shining One
Beogh
Jiyva
Lugonu

Shops:
D *[?**[(!!!!


Innate Abilities, Weirdness & Mutations

You are too large for most types of armour.
You have claws for hands.
Your natural rate of healing is unusually fast.
You are covered in fur. (AC +1)
You have tough skin. (AC +1)


Message History

The orc hits you but does no damage.
You claw the orc!
You kill the orc!
Things that are here:
a +0 dagger; an orc corpse
There is a sacrificial altar of Ru here.
Found Tocos's Do-It-Yourself Clinic.
Found a shimmering altar of Xom.
Found Unyhuiki's Distillery.
Found two altars.
An orc wizard comes into view. It is wielding a +2 dagger of venom.
The orc wizard shouts!
Found Nuif Gecly's Bottled Wisdom and Ylassiu's Distillery.
You scratch the orc wizard.
The orc wizard is lightly wounded.
The orc wizard gestures at you while chanting.
You are confused.
You barely miss the orc wizard.
The orc wizard is lightly wounded.
The orc wizard closely misses you.
You scratch the orc wizard.
The orc wizard is heavily wounded.
You miss the orc wizard.
The orc wizard is heavily wounded.
The orc wizard points at you and mumbles some strange words.
The magic dart hits you!
You scratch the orc wizard.
The orc wizard is severely wounded.
The orc wizard casts a spell.
The orc wizard flickers and vanishes!
Deactivating autopickup; reactivate with Ctrl-A.
Something hits you.
You are poisoned.
You feel sick. Something hits you but does no damage.
You feel sick. Something hits you.
* * * LOW HITPOINT WARNING * * *
You are lethally poisoned!
You feel less confused.
* * * LOW HITPOINT WARNING * * *
You feel very sick. Something hits you.
You die...

####.8.... ...8.#
___......# ......_._∩##
.......8.# .8........∩#
.........###............
......# #...# #.........
......# #.<.# #.........
......###...###.........
.........###............
.......8.# #.8..@.....∩#
.__......###....{.___∩##
####.8.........8.######
#⌠...).......⌠#
###.........###
#_......._# #_........#
#_....).._# #∩.......∩#


There were no monsters in sight!

Vanquished Creatures
  2 orcs (D)
2 creatures vanquished.

Notes
Turn   | Place    | Note
-------+----------+-------------------------------------------
     0 | D        | JuniperTheExplorer the Troll Transmuter began the quest for
                  | the Orb.
     0 | D        | Reached XP level 1. HP: 18/18 MP: 1/1
     3 | D        | Found an iron altar of Okawaru.
     3 | D        | Found a sacrificial altar of Ru.
     5 | D        | Found a corrupted altar of Lugonu.
     5 | D        | Found a basalt altar of Yredelemnul.
     5 | D        | Round 1.
     6 | D        | Found an ornate altar of the Wu Jian Council.
     6 | D        | Found a viscous altar of Jiyva.
     6 | D        | Found Pisourph's Weapon Rack.
     6 | D        | Found Xuqubbaa's Premium Goods.
     7 | D        | Found Fextagy's Basic Armour.
     7 | D        | Found Gaojil's Miscellaneous Merchandise.
    28 | D        | Found a snail-covered altar of Cheibriados.
    29 | D        | Found a shadowy altar of Dithmenos.
    30 | D        | Found Vink's Identification Station.
    32 | D        | Found a blossoming altar of Fedhas.
    32 | D        | Found a stormy altar of Qazlal.
    32 | D        | Found a bloodstained altar of Trog.
    34 | D        | Found Weimebef's Advanced Armour.
    34 | D        | Found Dutenn's Jewellery.
    52 | D        | Found an ancient bone altar of Kikubaaqudgha.
    76 | D        | Found a shimmering altar of Xom.
    76 | D        | Found Tocos's Do-It-Yourself Clinic.
    78 | D        | Found a shimmering blue altar of Sif Muna.
    78 | D        | Found a glowing golden altar of the Shining One.
    78 | D        | Found Unyhuiki's Distillery.
    78 | D        | Noticed an orc wizard
    79 | D        | Found Nuif Gecly's Bottled Wisdom.
    79 | D        | Found Ylassiu's Distillery.
    89 | D        | Slain by an orc wizard

Illustrated notes

Levels and vault maps discovered:
D:        arena_sprint

Action                   || total
-------------------------++-------
Melee: Unarmed           ||    10
Armor: Robe              ||     4
Dodge: Dodged            ||     1
